Map: Backwater LE

Players

ILIEKEGGPIE - Winner!

  • Race: Protoss Protoss
  • League: Platinum
  • Spawn Location: 5:00

Treevaz

  • Race: Terran Terran
  • League: Gold
  • Spawn Location: 11:00

VOD

Have the link to the VOD?

Description

Time

  • Played on: May 1, 2018, 2:47 p.m.
  • Length: 5:37
Show
View Real Time Build Order
Export as new Build Order

ILIEKEGGPIE Protoss - Winner!

Build Orders:  

Get SALT Encoding   

  12  0:01  Probe  
  13  0:13  Probe  
  14  0:22  Pylon  
  14  0:25  Probe  
  15  0:40  Probe  
  16  0:45  Gateway  
  16  0:49  Assimilator  
  16  0:52  Probe  
  16  0:55  Assimilator  
  18  1:04  Probe  
  18  1:11  Pylon  
  18  1:16  Probe  
  19  1:28  Probe  
  20  1:34  Cybernetics Core  
  20  1:38  Gateway  
  20  1:48  Probe  
  21  1:59  Probe  
  22  2:06  Pylon  
  22  2:08  Probe  
  22  2:11  Warp Gate  
  23  2:16  Probe  
  23  2:19  Stalker  
  25  2:30  Stalker  
  25  2:32  Probe  
  28  2:49  Stalker  
  30  3:06  Pylon  
  30  3:08  Pylon  
  30  3:11  Pylon  
  30  3:29  Stalker  
  32  3:42  Shield Battery  
  32  3:43  Stalker  
  34  3:50  Stargate  
  34  3:52  Shield Battery  
  34  3:53  Shield Battery  
  35  4:07  Pylon  
  34  4:15  Gateway  
  32  4:23  Void Ray  
  36  4:41  Stalker x2  
  36  5:05  Shield Battery  
  36  5:06  Probe  
Show
View Real Time Build Order
Export as new Build Order

Treevaz Terran 

Build Orders: Reaper Expand 

Get SALT Encoding   

  12  0:00  SCV  
  13  0:13  SCV  
  14  0:17  Supply Depot  
  14  0:25  SCV  
  15  0:30  Refinery  
  15  0:39  SCV  
  16  0:46  Barracks  
  16  0:51  SCV  
  17  1:03  SCV  
  18  1:15  SCV  
  19  1:33  Orbital Command  
  19  1:35  Reaper  
  20  1:52  Command Center  
  20  2:01  Factory  
  20  2:06  SCV  
  21  2:14  Barracks Reactor  
  21  2:19  Supply Depot, SCV  
  25  3:05  Cyclone  
  24  3:24  Marine x2  
  26  3:33  Factory  
  26  3:52  Marine x2  
  27  4:07  SCV  
  28  4:10  Refinery  
  28  4:20  SCV  
  25  4:35  Factory Tech Lab  
  24  4:38  Reaper  
  24  4:39  Reaper  
  24  4:40  Factory Tech Lab  
  24  4:42  SCV  
  22  4:54  SCV  
  22  5:03  Hellion x2  
  22  5:06  SCV  
  26  5:08  Supply Depot  
Tags
 
Matchup
PvT
Replay Pack
Multi
Spawn Locations
Cross Positions
Add a new tag
Caveats
  • Supply blocks, unpowered buildings, or Contaminate may cause inaccurate times.
  • Supply counts are checked every 10 seconds.